 Dungeon Crawl Stone Soup version 0.27-a0-1202-ge72e49191c (webtiles) character file.

Game seed: 14372134178076608617

9764 Kinoniko the Basher (level 11, -9/97 HPs)
             Began as a Troll Berserker on June 3, 2021.
             Was a High Priest of Trog.
             Mangled by a death scarab (27 damage)
             ... in a Gauntlet.
             The game lasted 00:11:25 (8941 turns).

Kinoniko the Basher (Troll Berserker)               Turns: 8941, Time: 00:11:26

Health: -9/97      AC:  9    Str: 28    XL:     11   Next: 27%
Magic:  10/10      EV: 10    Int:  5    God:    Trog [*****.]
Gold:   476        SH:  0    Dex: 15    Spells: 10/10 levels left

rFire    . . .     SeeInvis .   J - +5 great mace (flame)
rCold    . . .     Faith    .   (shield currently unavailable)
rNeg     . . .     Spirit   .   a - +0 steam dragon scales
rPois    .         Reflect  .   (helmet restricted)
rElec    .         Harm     .   l - +1 cloak
rCorr    .         Rampage  .   (gloves unavailable)
Will     +....     NoTele   +   (boots unavailable)
Stlth    +.........             (no amulet)
HPRegen  1.26/turn              d - +6 ring of dexterity
MPRegen  0.12/turn              g - ring of willpower

@: mighty, on berserk cooldown, flying, slowed, very slow
A: large, unfitting armour, claws 3, regeneration 1, shaggy fur 1, tough skin 1
a: Renounce Religion, Berserk, Trog's Hand, Brothers in Arms


You were in a Gauntlet.
You worshipped Trog.
Trog was extremely pleased with you.
You visited 2 branches of the dungeon, and saw 10 of its levels.
You also visited: Ossuary and Gauntlet.

You collected 476 gold pieces.

Inventory:

Hand Weapons
 J - a +5 great mace of flaming (weapon)
Armour
 a - +0 steam dragon scales (worn)
 l - a +1 cloak (worn)
Jewellery
 d - a +6 ring of dexterity (left claw)
 g - a ring of willpower (right claw)
 D - a ring of see invisible
Wands
 h - a wand of paralysis (21)
 k - a wand of digging (1)
 y - a wand of charming (7)
 B - a wand of iceblast (7)
 E - a wand of flame (22)
Scrolls
 c - a scroll of immolation
 e - 3 scrolls of teleportation
 f - 3 scrolls of fear
 i - 2 scrolls of magic mapping
 u - 2 scrolls of fog
 w - a scroll of amnesia
 H - 2 scrolls of torment
Potions
 j - a potion of curing {unknown}
 n - 2 potions of brilliance {unknown}
 o - a potion of lignification {unknown}
 p - 2 potions of ambrosia {unknown}
 q - a potion of haste {unknown}
 r - a potion of cancellation {unknown}
 s - a potion of flight
 t - 3 potions of might
 v - 2 potions of attraction {unknown}
 x - 4 potions of degeneration {unknown}
 z - 2 potions of resistance {unknown}
 A - a potion of magic {unknown}
 F - 2 potions of heal wounds {unknown}


   Skills:
 + Level 3.2 Fighting
 * Level 14.6 Maces & Flails
 - Level 2.4 Dodging
 - Level 5.9 Unarmed Combat


You had 10 spell levels left.
You didn't know any spells.
Your spell library was empty.

Dungeon Overview and Level Annotations

Branches:
Dungeon (9/15)             Temple (0/1) D:7            Lair (1/6) D:8
Ossuary (visited)         Gauntlet (1/1)
    Orc: D:9-12

Altars:
Ashenzari
Cheibriados
Dithmenos
Elyvilon
Gozag
Nemelex Xobeh
Ru
Trog
Vehumet
Zin

Annotations:
D:6 2 transporters, Thargor's ghost, novice GrEE
D:8 3 runed translucent doors, namnaref's ghost, journeyman GrBe Gauntlet 9 transporters


Innate Abilities, Weirdness & Mutations

You are too large for most types of armour.
You have claws for hands.
Your natural rate of healing is unusually fast.
You are covered in fur. (AC +1)
You have tough skin. (AC +1)


Message History

The spectral black mamba misses you.
The death scarab bites you but does no damage.
The spectral black mamba bites you but does no damage.
You thump the spectral black mamba! You burn the spectral black mamba.
You destroy the spectral black mamba!
Trog accepts your kill. The death scarab completely misses you.
You are no longer berserk.
You are exhausted.
You feel as though you will be slow longer.
The death scarab closely misses you.
Unknown command.
The death scarab barely misses you.
The death scarab bites you but does no damage.
You closely miss the death scarab. The death scarab bites you!
The death scarab drains your vigour!
You feel as though you will be slow longer.
The death scarab draws strength from your injuries!
The death scarab bites you but does no damage.
The death scarab closely misses you. The death scarab bites you!!
The death scarab drains your vigour!
You feel as though you will be slow longer.
The death scarab draws strength from your injuries!
You closely miss the death scarab.
The death scarab bites you but does no damage.
It was a potion of flight.
You feel very buoyant.
You fly up into the air.
The death scarab bites you! The death scarab drains your vigour!
You feel as though you will be slow longer.
The death scarab draws strength from your injuries!
The death scarab bites you but does no damage.
You feel very mighty all of a sudden. The death scarab bites you!!
* * * LOW HITPOINT WARNING * * *
The death scarab drains your vigour!
You feel as though you will be slow longer.
The death scarab draws strength from your injuries!
The death scarab bites you!!
You die...

###..###########...######
#..#?...≈≈...#.8.#.....
###..#.≈≈≈..≈≈.#...#.#...
#8#..#≈.≈..≈..≈#####.†###
###..#...≈≈.≈.≈#...#..##.
#..#©..≈..≈≈.#©.©#....©
###..#.≈.≈≈....#...#..##.
#8#..#..≈..≈≈..#####..###
###..#≈≈@≈≈.≈≈≈#...#.#...
#..#..B.≈.©..#.8.#....©
###..###########...######
#8#.....#.©.#....≈.......
###...8.#...#...≈8≈......
#.....#.©.#....≈.......
###..###########...######
#8#..#..xXx....#.8.#....Z
###..#.#...#.#.#...#.....


You could see a large abomination, a death scarab and 2 small abominations.

Vanquished Creatures
  A two-headed ogre (D:7)
  Joseph (D:7)
  Psyche (D:8)
  2 trolls (D:9)
  A hornet (D:8)
  A spectral black mamba (Gauntlet)
  21 yaks
  A hog (shapeshifter) (Gauntlet)
  2 wargs (D:8)
  A steam dragon (D:9)
  A water moccasin (D:7)
  2 orc warriors
  2 black bears
  A hornet zombie (D:8)
  3 ice beasts
  An ogre (D:7)
  A necrophage (D:4)
  5 centaurs
  A phantom (D:4)
  The ghost of flt the Magician, an amateur DjVM of Fedhas (D:3)
  A gnoll sergeant (D:9)
  2 bullfrogs
  11 scorpions
  A wyvern zombie (D:7)
  5 killer bees (D:8)
  8 wights
  3 howler monkeys (D:9)
  3 centaur zombies
  2 human zombies (Ossuary)
  A bullfrog zombie (D:7)
  5 hounds
  3 orc priests
  A jelly (D:5)
  Jessica (D:2)
  6 scorpion zombies (Ossuary)
  3 iguanas (D:5)
  5 orc wizards
  3 killer bee zombies
  A hound skeleton (D:4)
  3 howler monkey zombies
  3 mummies (Ossuary)
  3 gnolls (D:9)
  4 adders
  A shadow imp (D:6)
  A white imp (D:8)
  A worm (D:2)
  3 dart slugs
  24 orcs
  6 bats
  5 endoplasms
  3 giant cockroaches
  A gnoll zombie (Ossuary)
  7 goblins
  4 hobgoblins
  4 jackals (D:2)
  5 quokkas
  8 ball pythons
  4 goblin zombies (Ossuary)
  2 hobgoblin zombies (Ossuary)
  4 kobolds
  2 kobold zombies (Ossuary)
  3 rats
216 creatures vanquished.

Vanquished Creatures (others)
  2 withered plants (D:3)
2 creatures vanquished.

Grand Total: 218 creatures vanquished

Notes
Turn   | Place    | Note
-------+----------+-------------------------------------------
     0 | D:1      | Kinoniko the Troll Berserker began the quest for the Orb.
     0 | D:1      | Reached XP level 1. HP: 22/22 MP: 0/0
    44 | D:1      | Reached skill level 3 in Maces & Flails
   161 | D:1      | Reached XP level 2. HP: 27/29 MP: 1/1
   459 | D:1      | Found a faded altar of an unknown god.
   755 | D:2      | Noticed Jessica
   761 | D:2      | Killed Jessica
   762 | D:2      | Reached skill level 1 in Unarmed Combat
   762 | D:2      | Reached XP level 3. HP: 36/36 MP: 2/2
   872 | D:2      | Reached ** piety under Trog
   932 | D:2      | Reached skill level 4 in Maces & Flails
   932 | D:2      | Reached XP level 4. HP: 39/44 MP: 3/3
  1499 | D:3      | Found an opulent altar of Gozag.
  1513 | D:3      | Found a runed translucent door.
  1513 | D:3      | Noticed flt's ghost (amateur DjVM)
  1658 | D:3      | Found a glowing silver altar of Zin.
  2149 | D:3      | Found a sparkling altar of Nemelex Xobeh.
  2373 | D:3      | Killed flt's ghost
  2374 | D:3      | Reached XP level 5. HP: 35/50 MP: 4/4
  2451 | D:4      | You fall into a shaft and drop 2 floors!
  2451 | D:6      | Found a sacrificial altar of Ru.
  2458 | D:6      | Reached skill level 5 in Maces & Flails
  2510 | D:5      | Entered Level 5 of the Dungeon
  2520 | D:5      | Reached XP level 6. HP: 59/59 MP: 5/5
  2715 | D:4      | Found a sand-covered staircase.
  2723 | Ossuary  | Entered an ossuary
  2744 | Ossuary  | Reached skill level 6 in Maces & Flails
  2875 | Ossuary  | Reached XP level 7. HP: 60/66 MP: 6/6
  2896 | Ossuary  | Reached *** piety under Trog
  2947 | Ossuary  | Reached skill level 7 in Maces & Flails
  3033 | Ossuary  | Reached XP level 8. HP: 74/74 MP: 7/7
  3104 | Ossuary  | Reached skill level 5 in Unarmed Combat
  3390 | D:4      | Reached skill level 8 in Maces & Flails
  4521 | D:6      | Reached skill level 9 in Maces & Flails
  4535 | D:6      | Reached **** piety under Trog
  4618 | D:6      | Reached XP level 9. HP: 65/80 MP: 8/8
  4916 | D:6      | Found a transporter.
  4916 | D:6      | Noticed Thargor's ghost (novice GrEE)
  4931 | D:6      | Found a transporter.
  5087 | D:7      | Reached skill level 10 in Maces & Flails
  5414 | D:7      | Noticed a two-headed ogre
  5416 | D:7      | Noticed Joseph
  5422 | D:7      | Killed a two-headed ogre
  5423 | D:7      | Reached skill level 11 in Maces & Flails
  5437 | D:7      | Killed Joseph
  5478 | D:7      | Found a bloodstained altar of Trog.
  5883 | D:7      | Found a staircase to the Ecumenical Temple.
  6189 | D:8      | Reached skill level 12 in Maces & Flails
  6194 | D:8      | Noticed namnaref's ghost (journeyman GrBe)
  6233 | D:8      | Found a runed translucent gate.
  6233 | D:8      | Found a runed translucent gate.
  6233 | D:8      | Found a runed translucent gate.
  6340 | D:8      | Reached XP level 10. HP: 66/88 MP: 9/9
  6491 | D:8      | Found a broken altar of Ashenzari.
  6518 | D:8      | Found a snail-covered altar of Cheibriados.
  6534 | D:8      | Reached ***** piety under Trog
  6563 | D:8      | Found a white marble altar of Elyvilon.
  6630 | D:8      | Paralysed by a hornet for 2 turns
  6787 | D:8      | Found a staircase to the Lair.
  6792 | D:8      | Reached skill level 13 in Maces & Flails
  6885 | D:8      | Found a shadowy altar of Dithmenos.
  6957 | D:8      | Noticed Psyche
  6974 | D:8      | Killed Psyche
  7334 | D:8      | Identified the +1 pair of gloves "Saicw" {rPois Str+4
                  | Stlth+}
  7969 | D:9      | Found a radiant altar of Vehumet.
  8171 | D:9      | Reached skill level 14 in Maces & Flails
  8174 | D:9      | Received a gift from Trog
  8359 | D:9      | Reached XP level 11. HP: 96/96 MP: 10/10
  8577 | Lair:1   | Entered Level 1 of the Lair of Beasts
  8673 | Lair:1   | Found a gate leading to a gauntlet.
  8683 | Gauntlet | Entered a Gauntlet
  8683 | Gauntlet | Found a transporter.
  8683 | Gauntlet | Found a transporter.
  8684 | Gauntlet | Found a transporter.
  8684 | Gauntlet | Found a transporter.
  8684 | Gauntlet | Noticed a necromancer
  8684 | Gauntlet | Noticed a death yak
  8685 | Gauntlet | Noticed a death yak
  8687 | Gauntlet | Noticed a death yak
  8687 | Gauntlet | Found a transporter.
  8697 | Gauntlet | Found a transporter.
  8704 | Gauntlet | Noticed a death scarab
  8762 | Gauntlet | Found a transporter.
  8772 | Gauntlet | Found a transporter.
  8781 | Gauntlet | Noticed a death scarab
  8787 | Gauntlet | Found a transporter.
  8797 | Gauntlet | Found a transporter.
  8800 | Gauntlet | Noticed a large abomination
  8812 | Gauntlet | Found a transporter.
  8818 | Gauntlet | Found a transporter.
  8941 | Gauntlet | Mangled by a death scarab

Illustrated notes

Levels and vault maps discovered:
D:1:      dpeg_arrival_long_road, layout_loops_ring,
          hellmonk_ecumenical_altar_slurped_away
D:2:      layout_basic, uniq_jessica
D:3:      layout_loops_corners, pdpol_temple_overflow_zin_treasury_gozag_greed,
          old_standard_altar, gammafunk_ghost_grave, minmay_misc_feat_roman,
          serial_bayou_crossing
D:4:      layout_cave_pods, chequers_ossuary_entry_cave
D:5:      cheibrodos_quashed, layout_basic
D:6:      layout_rooms, amcnicky_altar_gilded, gammafunk_ghost_mausoleum
D:7:      layout_layer_cave, nicolae_overflow_crystal_walls,
          minmay_temple_entry_large_hall, uniq_joseph
D:8:      layout_basic, grunt_dithmenos_smoke, kennysheep_little_box,
          evilmike_ruin_ashenzari, kennysheep_slug_shrine,
          erik_lair_orcish_takeover, gammafunk_ghost_split, uniq_psyche
D:9:      layout_cave_pods, kennysheep_mini
Lair:1:   layout_long_grid, gauntlet_entry_generic, serial_bayou_lagoon_b,
          lemuel_fruit_fields
Gauntlet: gammafunk_gauntlet_shortcut [gammafunk_gauntlet_arena_crates,
          gammafunk_gauntlet_arena_split_diamond, nicolae_gauntlet_arena_blocks,
          nicolae_gauntlet_arena_flowing_pool, nicolae_gauntlet_arena_grate_2,
          gammafunk_gauntlet_arena_teeth, gauntlet_exit_spiral]

Skill      XL: |  1  2  3  4  5  6  7  8  9 10 11 |
---------------+----------------------------------+-----
Maces & Flails | 3 4 5 6 7 9 12 14 | 14.6
Unarmed Combat | 1 2 3 4 5 |  5.9
Fighting       | 3 |  3.2
Dodging        | |  2.4

Action                   |  1- 3 |  4- 6 |  7- 9 | 10-12 || total
-------------------------+-------+-------+-------+-------++-------
Melee: Mace              |    90 |    32 |       |       ||   122
       Flail             |       |    86 |   206 |       ||   292
       Punch             |       |     3 |    10 |     6 ||    19
       Morningstar       |       |       |    78 |   146 ||   224
       Great mace        |       |       |       |    42 ||    42
Invok: Berserk           |     2 |     5 |     6 |    12 ||    25
  Use: Scroll            |       |     5 |     8 |     3 ||    16
       Potion            |       |       |       |     2 ||     2
Armor: Animal skin       |    35 |    56 |   111 |    36 ||   238
       Steam dragon scal |       |       |       |    18 ||    18
Dodge: Dodged            |    59 |    63 |   143 |    89 ||   354

Table legend: (Time is in decaauts)
 A = Elapsed time spent in this place.
 B = Non-inter-level travel time spent in this place.
 C = Inter-level travel time spent in this place.
 D = Time resting spent in this place.
 E = Time spent auto-exploring this place.
 F = Levels seen in this place.
 G = Mean time per level.
                   A        B        C        D        E       F      G
               +--------+--------+--------+--------+--------+-----+--------+
         Total |   9176 |   8725 |    451 |    981 |   6228 |  12 |  764.7 |
       Dungeon |   8247 |   7827 |    420 |    742 |   5966 |   9 |  916.3 |
          Lair |    116 |     85 |     31 |     44 |      0 |   1 |  116.0 |
       Ossuary |    554 |    554 |      0 |    194 |    125 |   1 |  554.0 |
      Gauntlet |    258 |    258 |      0 |      0 |    137 |   1 |  258.0 |
               +--------+--------+--------+--------+--------+-----+--------+

Top non-repeatable levels by time:
     D:8: 1638 daAuts
     D:7: 1008 daAuts
     D:3: 961 daAuts
     D:9: 939 daAuts
     D:2: 894 daAuts
     D:4: 858 daAuts
     D:6: 681 daAuts
     D:1: 642 daAuts
     D:5: 623 daAuts
 Ossuary: 554 daAuts
Gauntlet: 258 daAuts
  Lair:1: 116 daAuts
